 Dungeon Crawl Stone Soup version 0.30-a0-347-gf58ed5266c (webtiles) character file.

Game seed: 361391260105285399

3628 funkygono the Arsonist (level 9, 0/67 HPs)
             Began as a Red Draconian Fire Elementalist on Nov 4, 2022.
             Was a Believer of Vehumet.
             Slain by a vault guard
             ... wielding a +0 broad axe
              (17 damage)
             ... in a bailey on Nov 5, 2022.
             The game lasted 00:16:02 (7355 turns).

funkygono the Arsonist (DrFE)                       Turns: 7355, Time: 00:16:04

Health: 0/67       AC: 12    Str: 10    XL:     9   Next: 87%
Magic:  5/20       EV: 12    Int: 27    God:    Vehumet [**....]
Gold:   154        SH:  0    Dex: 11    Spells: 11/23 levels left

rFire   + . .      SeeInvis .    x - +7 club (spect)
rCold   . . .      Faith    .    (no shield)
rNeg    . . .      Spirit   .    (body armour unavailable)
rPois   +          Reflect  .    (helmet restricted)
rElec   .          Harm     .    c - +1 cloak
rCorr   .          Rampage  .    B - +2 pair of gloves
Will    .....                    (no boots)
Stlth   ++........               (no amulet)
HPRegen 0.31/turn                r - ring of poison resistance
MPRegen 0.17/turn                q - +6 ring of intelligence

@: no status effects
A: breathe fire, AC +7, unfitting armour, fire resistance 1, cold-blooded
a: Breathe Fire, Renounce Religion


You were in a bailey.
You worshipped Vehumet.
Vehumet was pleased with you.
You visited 2 branches of the dungeon, and saw 8 of its levels.
You also visited: Bailey.

You collected 318 gold pieces.
You spent 164 gold pieces at shops.

Inventory:

Hand Weapons
 d - a +5 great mace
 e - a +0 dagger
 g - a +1 dagger of holy wrath
 h - a +1 dagger of protection
 p - a +0 mace
 x - a +7 spectral club (weapon)
Armour
 c - a +1 cloak (worn)
 B - a +2 pair of gloves (worn)
Jewellery
 q - a +6 ring of intelligence (right hand)
 r - a ring of poison resistance (left hand)
 u - an amulet of faith
 D - a ring of protection from cold
Wands
 t - a wand of digging (6)
 w - a wand of flame (15)
 E - a wand of polymorph (6)
 F - a wand of mindburst (14)
Scrolls
 l - a scroll of fear
 n - 2 scrolls of amnesia
 o - a scroll of teleportation
 y - a scroll of vulnerability
 G - 3 scrolls of butterflies
Potions
 a - a potion of magic
 b - 2 potions of might
 f - 5 potions of curing
 i - 2 potions of lignification
 j - 6 potions of heal wounds
 k - a potion of brilliance
 m - a potion of invisibility
 s - a potion of attraction
 v - 2 potions of cancellation
 z - a potion of haste
 A - a potion of mutation
 C - a potion of flight


   Skills:
 + Level 2.2 Fighting
 + Level 2.7 Maces & Flails
 + Level 3.5 Dodging
 + Level 3.6 Stealth
 + Level 7.6 Spellcasting
 + Level 5.9 Conjurations
 + Level 10.2 Fire Magic


You had 11 spell levels left.
You knew the following spells:

 Your Spells              Type           Power      Damage    Failure   Level
a - Foxfire               Conj/Fire      100%       2x1d9     1%          1
b - Scorch                Fire           100%       2d10      1%          2
c - Kindle Blastsparks    Fire/Tloc/Air  56%        2d14      4%          3
d - Flame Wave            Conj/Fire      52%        2d13      1%          4
e - Magic Dart            Conj           100%       1d8       1%          1
f - Sandblast             Erth           20%        2d7       5%          1

Your spell library contained the following spells:

 Spells                   Type           Power      Damage    Failure   Level
 Inner Flame              Hex/Fire       38%        N/A       1%          3
 Dazzling Flash           Conj/Hex       52%        N/A       4%          3
 Apportation              Tloc           20%        N/A       5%          1
 Necrotise                Necr           40%        1d6       5%          1
 Tukima's Dance           Hex            10%        N/A       17%         3
 Vampiric Draining        Necr           10%        2d6       17%         3
 Vhi's Electric Charge    Tloc/Air       20%        N/A       17%         3
 Arcjolt                  Conj/Air       13%        1d23      41%         5
 Passage of Golubria      Tloc           10%        N/A       50%         4
 Agony                    Necr           10%        N/A       83%         5
 Alistair's Intoxication  Tmut/Pois      6%         N/A       83%         5
 Silence                  Hex/Air        5%         N/A       83%         5
 Yara's Violent Unravell  Hex/Tmut       5%         3d4       83%         5
 Maxwell's Capacitive Co  Air            5%         ∞         100%        8


Dungeon Overview and Level Annotations

Branches:
Dungeon (7/15)             Temple (1/1) D:4          Bailey (1/1)

Altars:
Ashenzari
Dithmenos
Fedhas
Gozag
Hepliaklqana
Kikubaaqudgha
Makhleb
Nemelex Xobeh
Okawaru
Qazlal
Ru
Trog
Uskayaw
Vehumet
Wu Jian
Xom
Zin
The Shining One
Lugonu

Shops:
D:4 !   D:6 =[!*?

Portals:
Abyss: D:6


Innate Abilities, Weirdness & Mutations

You can breathe blasts of fire.
Your fiery red scales are hard. (AC +7)
You cannot fit into any form of body armour.
Your flesh is heat resistant. (rF+)
You are cold-blooded and may be slowed by cold attacks.


Message History

Flames lash the vault guard.
The vault guard is lightly wounded.
The vault guard's fire resistance burns away.
Unknown command.
Casting: Scorch (safe; 1% risk of failure)
Confirm with . or Enter, or press ? or * to list all spells.
Flames lash the vault guard.
The vault guard is burned terribly!
The vault guard is moderately wounded.
The vault guard hits you with a +0 broad axe.
Unknown command.
Casting: Scorch (safe; 1% risk of failure)
Confirm with . or Enter, or press ? or * to list all spells.
Flames lash the vault guard.
The vault guard is burned terribly!
The vault guard is heavily wounded.
The vault guard hits you with a +0 broad axe!
Unknown command.
Casting: Scorch (safe; 1% risk of failure)
Confirm with . or Enter, or press ? or * to list all spells.
Flames lash the vault guard.
The vault guard is burned terribly!
The vault guard is heavily wounded.
The vault guard hits you with a +0 broad axe!
Unknown command.
Casting: Scorch (safe; 1% risk of failure)
Confirm with . or Enter, or press ? or * to list all spells.
Flames lash the vault guard but do no damage.
The vault guard hits you with a +0 broad axe!
Unknown command.
Casting: Scorch (safe; 1% risk of failure)
Confirm with . or Enter, or press ? or * to list all spells.
Flames lash the vault guard.
The vault guard is burned terribly!
The vault guard is severely wounded.
The vault guard hits you with a +0 broad axe!!
* * * LOW HITPOINT WARNING * * *
Unknown command.
Casting: Scorch (safe; 1% risk of failure)
Confirm with . or Enter, or press ? or * to list all spells.
Flames lash the vault guard.
The vault guard is burned terribly!
The vault guard is almost dead.
The vault guard hits you with a +0 broad axe!
You die...

#≈~~~..~...~≈≈≈.#
#≈~~~..~..~≈###+#
#≈~~~....~≈##
###≈~~~....~≈#
##.#≈~~~...~≈##
##..##≈~~~~.)≈#
##....#≈~≈≈~.~≈#
#.....##≈##≈p~≈##
#......####≈@.~≈#
#......'..#≈..~≈#
###'####..###†###
##~~~##...#.....#
#~~~~~#...#...†.#
#~~~~~#)..####).#
#~~÷)~#))..#.†..#
##~~#'#'#......##
####.))##....##


You could see a vault guard (combustible).

Vanquished Creatures
  Grinder (D:5)
  Prince Ribbit (Bailey)
  4 humans (Bailey)
  A steam dragon (D:7)
  Menkaure (D:6)
  An ice beast (D:7)
  4 orc warriors
  An ogre (D:4)
  A centaur (D:6)
  A phantom (D:6)
  3 kobold brigands (D:7)
  2 scorpions
  A gnoll sergeant (D:6)
  10 bullfrogs
  A necrophage (D:7)
  A hound (D:4)
  3 jellies
  A gnoll bouda (D:5)
  3 orc priests
  Jessica (D:3)
  An iguana (D:7)
  An orc wizard (D:5)
  10 adders
  7 gnolls
  3 shadow imps
  2 ufetubi
  3 worms
  3 dart slugs
  21 orcs
  5 endoplasms
  2 giant cockroaches (D:2)
  12 goblins
  10 hobgoblins
  2 jackals (D:4)
  A quokka (D:4)
  7 ball pythons
  5 bats
  4 frilled lizards
  19 kobolds
  3 rats
  A lurking horror (D:6)
164 creatures vanquished.

Vanquished Creatures (others)
  407 foxfires
407 creatures vanquished.

Grand Total: 571 creatures vanquished

Notes
Turn   | Place    | Note
-------+----------+-------------------------------------------
     0 | D:1      | funkygono the Draconian Fire Elementalist began the quest
                  | for the Orb.
     0 | D:1      | Reached XP level 1. HP: 14/14 MP: 3/3
   334 | D:1      | Reached XP level 2. HP: 20/20 MP: 1/5
   549 | D:1      | Found a faded altar of an unknown god.
   576 | D:1      | Learned a level 2 spell: Scorch
   979 | D:2      | Reached XP level 3. HP: 12/26 MP: 1/6
   983 | D:2      | Learned a level 3 spell: Kindle Blastsparks
  1506 | D:2      | Reached XP level 4. HP: 33/33 MP: 3/8
  2212 | D:3      | Noticed Jessica
  2219 | D:3      | Killed Jessica
  2348 | D:3      | Found a shadowy altar of Dithmenos.
  2407 | D:3      | Found a sparkling altar of Nemelex Xobeh.
  2409 | D:3      | Reached skill level 4 in Fire Magic
  2631 | D:3      | Reached XP level 5. HP: 37/38 MP: 7/10
  2697 | D:3      | Found a bloodstained altar of Trog.
  2745 | D:3      | Found a sacrificial altar of Ru.
  2976 | D:4      | Found Meureykk's Distillery.
  3616 | D:4      | Noticed an ogre
  3621 | D:4      | Killed an ogre
  3622 | D:4      | Reached XP level 6. HP: 45/45 MP: 5/11
  3849 | D:4      | Found a staircase to the Ecumenical Temple.
  3855 | D:4      | Learned a level 4 spell: Flame Wave
  3860 | Temple   | Entered the Ecumenical Temple
  3896 | Temple   | Became a worshipper of Vehumet
  4292 | D:5      | Entered Level 5 of the Dungeon
  4299 | D:5      | Reached skill level 5 in Fire Magic
  4395 | D:5      | Noticed an orc warrior
  4403 | D:5      | Killed an orc warrior
  4433 | D:5      | Reached skill level 1 in Maces & Flails
  4436 | D:5      | Noticed Grinder
  4445 | D:5      | Paralysed by Grinder for 5 turns
  4450 | D:5      | Killed Grinder
  4451 | D:5      | Reached skill level 5 in Spellcasting
  4451 | D:5      | Your scales start taking on a fiery red colour.
  4451 | D:5      | Reached skill level 6 in Fire Magic
  4451 | D:5      | Reached XP level 7. HP: 23/50 MP: 7/14
  4451 | D:5      | Gained mutation: Your flesh is heat resistant. (rF+) [Red
                  | Draconian growth]
  4567 | D:5      | Reached skill level 7 in Fire Magic
  4700 | D:5      | Found a glowing golden altar of the Shining One.
  4816 | D:5      | Found a burning altar of Makhleb.
  5162 | D:6      | Found Kiddam's Jewellery Boutique.
  5184 | D:6      | Found Geebbuaph's Armour Shop.
  5413 | D:6      | Reached * piety under Vehumet
  5413 | D:6      | Offered knowledge of Magic Dart by Vehumet.
  5414 | D:6      | Reached XP level 8. HP: 53/57 MP: 3/16
  5668 | D:6      | Found Syboyrag's Magic Scroll Emporium.
  5669 | D:6      | Noticed Menkaure
  5674 | D:6      | Killed Menkaure
  5675 | D:6      | Reached skill level 8 in Fire Magic
  5722 | D:6      | Bought a scroll of identify for 22 gold pieces
  5722 | D:6      | Bought a scroll of identify for 22 gold pieces
  5843 | D:6      | Found a corrupted altar of Lugonu.
  5843 | D:6      | Found a one-way gate to the infinite horrors of the Abyss.
  5857 | D:6      | Found Docuj's General Store.
  5952 | D:6      | Found a hide-covered altar of Uskayaw.
  6131 | D:6      | Found Dar Zigo's Distillery.
  6136 | D:6      | Bought a potion of heal wounds for 60 gold pieces
  6136 | D:6      | Bought a potion of heal wounds for 60 gold pieces
  6138 | D:6      | Found an ornate altar of the Wu Jian Council.
  6451 | D:6      | Learned a level 1 spell: Magic Dart
  6451 | D:6      | Upgraded the game from 0.30-a0-341-g682706514a to
                  | 0.30-a0-347-gf58ed5266c
  6504 | D:7      | Reached skill level 1 in Fighting
  6611 | D:7      | Reached skill level 9 in Fire Magic
  6701 | D:7      | Reached XP level 9. HP: 59/64 MP: 15/18
  6716 | D:7      | Found a blossoming altar of Fedhas.
  6755 | D:7      | Reached skill level 5 in Conjurations
  6755 | D:7      | Offered knowledge of Sandblast by Vehumet.
  6755 | D:7      | Reached ** piety under Vehumet
  6802 | D:7      | Found a flagged portal.
  6813 | Bailey   | Entered a bailey
  7170 | Bailey   | Learned a level 1 spell: Sandblast
  7232 | Bailey   | Reached skill level 10 in Fire Magic
  7312 | Bailey   | Noticed a vault guard
  7312 | Bailey   | Noticed Prince Ribbit
  7327 | Bailey   | Killed Prince Ribbit
  7355 | Bailey   | Slain by a vault guard

Illustrated notes

Levels and vault maps discovered:
D:1:      lightli_iron_boxes, layout_basic, shapermc_ecumenical_altar_venn
D:2:      layout_basic
D:3:      minmay_evil_eye, layout_rooms, nicolae_ru_path_of_blood,
          mainiacjoe_overflow_small_starburst, mainiacjoe_overflow_tiny_flanked,
          marbit_many_paths, uniq_jessica
D:4:      layout_basic, minmay_temple_entry_enclosed_plants, serial_shops,
          nicolae_shop_window_shopping, kennysheep_minor_cross
D:5:      layout_cave_pools, lemuel_tele_altar, lightli_temple_of_fire,
          minmay_misc_feat_alley, minivault_14, minmay_misc_feat_secret_circle,
          uniq_grinder
D:6:      layout_loops_cross, mainiacjoe_overflow_cross_hatched,
          mainiacjoe_overflow_catwalk, serial_shops, shop_statue,
          nicolae_stop_n_shop_1, shop, nicolae_stop_n_shop_1, shop,
          amcnicky_altar_lugonu_corruption, uniq_menkaure
D:7:      layout_rooms, fedhas_altar_2, enter_bailey_2
Temple:   jpeg_temple_island
Bailey:   bailey_axe_froggy_fort_hellmonk, bailey

Skill      XL: |  1  2  3  4  5  6  7  8  9 |
---------------+----------------------------+-----
Dodging        | 2 3 |  3.5
Stealth        | 2 3 |  3.6
Spellcasting   | 3 5 6 7 |  7.6
Fire Magic     | 4 6 7 9 10 | 10.2
Conjurations   | 2 3 4 5 |  5.9
Maces & Flails | 1 2 |  2.7
Fighting       | 1 2 |  2.2

Action                   |  1- 3 |  4- 6 |  7- 9 || total
-------------------------+-------+-------+-------++-------
Melee: Unarmed           |     6 |       |       ||     6
       Tailslap          |     4 |     3 |     3 ||    10
       Dagger            |    14 |     1 |       ||    15
       Club              |       |    10 |    48 ||    58
       Punch             |       |       |     2 ||     2
 Cast: Foxfire           |    49 |    69 |   122 ||   240
       Scorch            |     8 |    18 |    25 ||    51
       Flame Wave        |       |       |     5 ||     5
Evoke: Wand              |       |       |     2 ||     2
  Use: Scroll            |       |    17 |     9 ||    26
       Potion            |       |     2 |     1 ||     3
 Stab: Distracted        |       |     1 |       ||     1
       Sleeping          |       |       |     2 ||     2
Armor: Skin              |    13 |     8 |    33 ||    54
Dodge: Dodged            |    29 |     9 |    64 ||   102

Table legend: (Time is in decaauts)
 A = Elapsed time spent in this place.
 B = Non-inter-level travel time spent in this place.
 C = Inter-level travel time spent in this place.
 D = Time resting spent in this place.
 E = Time spent auto-exploring this place.
 F = Levels seen in this place.
 G = Mean time per level.
                   A        B        C        D        E       F      G
               +--------+--------+--------+--------+--------+-----+--------+
         Total |   7409 |   7282 |    127 |    638 |   5420 |   9 |  823.2 |
       Dungeon |   6622 |   6504 |    118 |    301 |   5199 |   7 |  946.0 |
        Temple |    238 |    229 |      9 |      0 |    221 |   1 |  238.0 |
        Bailey |    548 |    548 |      0 |    337 |      0 |   1 |  548.0 |
               +--------+--------+--------+--------+--------+-----+--------+

Top non-repeatable levels by time:
     D:4: 1278 daAuts
     D:5: 1126 daAuts
     D:6: 1079 daAuts
     D:2: 1051 daAuts
     D:1: 901 daAuts
     D:3: 860 daAuts
  Bailey: 548 daAuts
     D:7: 324 daAuts
  Temple: 238 daAuts
